 Dungeon Crawl Stone Soup version 0.25-a0-591-g2ad0d86 (webtiles) character file.

Game seed: 16907333442336839045, levelgen mode: deterministic

193 Faca the Skirmisher (level 5, -14/46 HPs)
             Began as a Barachi Fighter on Mar 14, 2020.
             Demolished by an ogre
             ... wielding a +0 giant club
              (23 damage)
             ... on level 4 of the Dungeon.
             The game lasted 00:04:50 (2501 turns).

Faca the Skirmisher (Barachi Fighter)               Turns: 2501, Time: 00:04:51

Health: -14/46     AC:  9    Str: 18    XL:     5   Next: 72%
Magic:  0/5        EV:  4    Int:  8    God:
Gold:   152        SH:  9    Dex: 12    Spells: 4/4 levels left

rFire    . . .     SeeInvis .   a - +1 long sword
rCold    . . .     Gourm    .   c - +0 kite shield
rNeg     . . .     Faith    .   j - +0 chain mail
rPois    .         Spirit   +   (no helmet)
rElec    .         Reflect  .   g - scarf {Spirit}
rCorr    .         Harm     .   (no gloves)
MR       .....                  (no boots)
Stlth    ..........             e - amulet of magic regeneration
HPRegen  0.15/turn              (no ring)
MPRegen  0.34/turn              (no ring)

@: slow
A: +LOS, swims, slowness 1, strong legs 1
a: Hop


You were on level 4 of the Dungeon.
You were not hungry.

You visited 1 branch of the dungeon, and saw 4 of its levels.

You collected 152 gold pieces.

Inventory:

Hand Weapons
 a - a +1 long sword (weapon)
 h - a +0 rapier
Armour
 c - a +0 kite shield (worn)
 g - a scarf of spirit shield (worn)
 j - a +0 chain mail (worn)
Jewellery
 e - an amulet of magic regeneration (around neck)
 i - an uncursed ring of ice
Potions
 b - a potion of heal wounds {unknown}
 d - 2 potions of might
 k - 2 potions of curing
Comestibles
 f - 5 rations


   Skills:
 + Level 5.8 Fighting
 + Level 5.2 Long Blades
 - Level 3.6 Armour
 - Level 3.2 Shields


You had 4 spell levels left.
You didn't know any spells.
Your spell library was empty.

Dungeon Overview and Level Annotations

Branches:
Dungeon (4/15)
 Temple: D:4-7

Altars:
Ashenzari
Uskayaw
Wu Jian


Innate Abilities, Weirdness & Mutations

You can be seen from farther away. (+LOS)
You can swim through water.
You cover ground slowly.
You can hop short distances.


Message History

The ogre is moderately wounded.
You block the ogre's attack.
You hit the ogre.
The ogre is heavily wounded.
The ogre hits you with a +0 giant club.
Your chain mail prevents you from hitting the ogre.
The ogre is heavily wounded.
You block the ogre's attack.
You hit the ogre.
The ogre is heavily wounded.
The ogre hits you with a +0 giant club!!
You closely miss the ogre.
The ogre is heavily wounded.
The ogre hits you with a +0 giant club!
* * * LOW HITPOINT WARNING * * *
You hit the ogre.
The ogre is severely wounded.
The ogre hits you with a +0 giant club!!
Ouch! That really hurt!
You die...

######
#####.....
#####.......#
......#†....#
#####..@O..#
#......<...#
.<.####.......#
. #.....###
####..# ..# ..#
.## #


You could see an ogre.

Vanquished Creatures
  A phantom (D:3)
  3 adders (D:2)
  3 oozes (D:3)
  2 worms (D:3)
  A dart slug (D:1)
  3 leopard geckos
  An orc (D:3)
  A ball python (D:2)
  3 bats
  3 giant cockroaches
  5 goblins
  4 hobgoblins
  6 jackals
  3 quokkas
  2 frilled lizards (D:3)
  8 kobolds
  9 rats
58 creatures vanquished.

Notes
Turn   | Place    | Note
-------+----------+-------------------------------------------
     0 | D:1      | Faca the Barachi Fighter began the quest for the Orb.
     0 | D:1      | Reached XP level 1. HP: 18/18 MP: 1/1
    49 | D:1      | Reached XP level 2. HP: 20/25 MP: 2/2
   457 | D:1      | Found a shattered altar of Ashenzari.
   928 | D:2      | Reached XP level 3. HP: 31/31 MP: 3/3
  1055 | D:2      | Found an ornate altar of the Wu Jian Council.
  1304 | D:2      | Reached XP level 4. HP: 35/38 MP: 4/4
  1548 | D:3      | Reached skill level 5 in Fighting
  1708 | D:3      | Noticed a +0 dagger
  1708 | D:3      | Noticed a +0 hand axe
  1709 | D:3      | Found a hide-covered altar of Uskayaw.
  1803 | D:3      | Noticed a phantom
  1860 | D:3      | Killed a phantom
  1860 | D:3      | Reached skill level 5 in Long Blades
  1860 | D:3      | Reached XP level 5. HP: 28/46 MP: 5/5
  2492 | D:4      | Noticed an ogre
  2501 | D:4      | Demolished by an ogre

Levels and vault maps discovered:
D:1:      nicolae_arrival_washed_ashore, layout_rooms, ashenzari_altar_1
D:2:      layout_basic, lemuel_crystal_altar
D:3:      layout_loops_corners, dancing_weapons_uskayaw, first_ration
D:4:      layout_rooms, serial_curves, eino_curves_04, eino_curves_03,
          serial_shops, nicolae_shop_waterfront, uniq_blork_the_orc

Skill      XL: |  1  2  3  4 |
---------------+-------------+-----
Fighting       | 4 5 |  5.8
Long Blades    | 3 5 |  5.2
Armour         | |  3.6
Shields        | |  3.2

Action                   |  1- 3 |  4- 6 || total
-------------------------+-------+-------++-------
Melee: Long sword        |   137 |    79 ||   216
  Use: Scroll            |       |     4 ||     4
  Eat: Chunk             |     2 |     2 ||     4
       Ration            |       |     1 ||     1
Armor: Scale mail        |    41 |       ||    41
       Chain mail        |    38 |    35 ||    73
Dodge: Dodged            |    40 |     9 ||    49
Block: Kite shield       |    94 |    26 ||   120
       Rpst.: Long sword |    14 |     2 ||    16

Table legend:
 A = Non-vault XP
 B = Vault XP
 C = Vault XP percentage of total XP
 D = Non-vault monster count
 E = Vault monster count
 F = Vault count percentage of total count
                 A         B        C        D         E       F
            +---------+---------+-------+---------+---------+-------
      Total |     277 |       0 |   0.0 |      58 |       0 |   0.0
            +---------+---------+-------+---------+---------+-------
        D:1 |      33 |       0 |   0.0 |      20 |       0 |   0.0
        D:2 |      62 |       0 |   0.0 |      15 |       0 |   0.0
        D:3 |     180 |       0 |   0.0 |      22 |       0 |   0.0
        D:4 |       2 |       0 |   0.0 |       1 |       0 |   0.0
            +---------+---------+-------+---------+---------+-------
